 Dungeon Crawl Stone Soup version 0.20.1-1-g8b1a95d (webtiles) character file.

910 vineage the Shield-Bearer (level 8, -8/63 HPs)
             Began as a Formicid Fighter on Sept 23, 2017.
             Mangled by an ogre
             ... wielding a +0 giant club
              (23 damage)
             ... on level 5 of the Dungeon.
             The game lasted 00:07:50 (4051 turns).

vineage the Shield-Bearer (Formicid Fighter)        Turns: 4051, Time: 00:07:51

Health: -8/63      AC: 12    Str: 20    XL:     8   Next: 30%
Magic:  8/8        EV:  5    Int:  9    God:
Gold:   168        SH: 10    Dex: 12    Spells: 7/7 levels left

rFire    . . .     SeeInvis +   a - +1 war axe
rCold    . . .     Gourm    .   c - +0 shield
rNeg     . . .     Faith    .   l - +0 plate armour
rPois    .         Spirit   .   (helmet unavailable)
rElec    .         Reflect  .   (no cloak)
rCorr    .         Harm     .   (no gloves)
MR       .....                  (no boots)
Stlth    ..........             (no amulet)
Regen    0.2/turn               (no ring)
MPRegen  0.2/turn               (no ring)

@: no status effects
A: permanent stasis, dig shafts and tunnels, four strong arms, antennae 3
a: Dig, Shaft Self


You were on level 5 of the Dungeon.
You were not hungry.

You visited 1 branch of the dungeon, and saw 5 of its levels.

You collected 168 gold pieces.

Inventory:

Hand Weapons
 a - a +1 war axe (weapon)
Armour
 b - a +0 scale mail
 c - a +0 shield (worn)
 l - a +0 plate armour (worn)
Wands
 t - a wand of iceblast (5/15)
Scrolls
 i - 2 scrolls of teleportation
 p - a scroll of amnesia
Potions
 d - 2 potions of might
Books
 w - a book of Misfortune

   Spells                             Type                      Level
   a - Confusing Touch                Hexes                        1
   b - Confuse                        Hexes                        3
   c - Gell's Gravitas                Translocation                3
   d - Petrify                        Transmutation/Earth          4
   e - Metabolic Englaciation         Hexes/Ice                    5
   f - Yara's Violent Unravelling     Hexes/Transmutation          5
Comestibles
 f - 2 bread rations
 j - 3 meat rations
 k - 2 royal jellies
 n - 6 mutagenic chunks of flesh


   Skills:
 + Level 5.4 Fighting
 + Level 5.6 Axes
 + Level 5.3 Armour
 + Level 0.1 Dodging
 + Level 6.5 Shields


You had 7 spell levels left.
You didn't know any spells.

Dungeon Overview and Level Annotations

Branches:
Dungeon (5/15)
 Temple: D:4-7

Altars:
Fedhas

Shops:
D:4 *


Innate Abilities, Weirdness & Mutations

You cannot be hasted, slowed, berserked, paralysed or teleported.
You can dig through walls and to a lower floor.
Your four strong arms can wield two-handed weapons with a shield.
You have a pair of large antennae on your head. (SInv)


Message History

You slash the ogre!
The ogre is moderately wounded.
You block the ogre's attack.
You hit the ogre.
The ogre is moderately wounded.
You block the ogre's attack.
You hit the ogre.
The ogre is heavily wounded.
The ogre hits you with a giant club!
* * * LOW HITPOINT WARNING * * *
Your plate armour prevents you from hitting the ogre.
The ogre is heavily wounded.
The ogre hits you but does no damage.
You closely miss the ogre.
The ogre is heavily wounded.
You block the ogre's attack.
You slash the ogre!
The ogre is severely wounded.
The ogre hits you with a giant club!!
You die...

#.# #.# # #.# #.#
.###.# #.### ....#
###.... #..# #.(....
##..#######)#####
#.%.......)...#
.#######)..#######.#.#
.......@O.......##)#.#
................##.#.#
..######.[......##.#.#
#..####..##.#.# #..#
..##.#.# #..# .##.#.#
...# ##.# #..# o.#


You could see an ogre.

Vanquished Creatures
  Eustachio (D:5)
  An ice beast (D:5)
  A sky beast (D:5)
  The ghost of Totori the Changer, a weakling DrTm (D:3)
  2 crimson imps (D:5)
  A bullfrog zombie (D:5)
  An orc priest (D:3)
  2 hounds
  An iguana (D:5)
  3 orc wizards (D:5)
  3 worker ants
  5 adders
  4 gnolls (D:4)
  An ooze (D:4)
  A worm (D:3)
  A dart slug (D:1)
  A leopard gecko (D:1)
  11 orcs
  2 ball pythons
  3 bats
  8 giant cockroaches
  9 goblins
  4 hobgoblins (D:1)
  5 jackals
  6 kobolds
  2 quokkas
  4 frilled lizards
  A jackal skeleton (D:4)
  A jackal zombie (D:5)
  7 rats
  3 bushes (D:3)
  4 plants (D:3)
100 creatures vanquished.

Notes
Turn   | Place    | Note
-------+----------+-------------------------------------------
     0 | D:1      | vineage the Formicid Fighter began the quest for the Orb.
     0 | D:1      | Reached XP level 1. HP: 18/18 MP: 1/1
   274 | D:1      | Reached XP level 2. HP: 24/25 MP: 2/2
   678 | D:1      | Reached XP level 3. HP: 28/30 MP: 3/3
   845 | D:1      | Reached skill level 4 in Shields
  1396 | D:2      | Reached XP level 4. HP: 37/37 MP: 4/4
  1697 | D:3      | Noticed Totori's ghost (weakling DrTm)
  1725 | D:3      | Reached XP level 5. HP: 33/42 MP: 5/5
  1736 | D:3      | Killed Totori's ghost
  2792 | D:4      | Reached skill level 5 in Shields
  2792 | D:4      | Reached XP level 6. HP: 45/49 MP: 6/6
  3503 | D:4      | Found Ufoll's General Store.
  3670 | D:5      | Entered Level 5 of the Dungeon
  3695 | D:5      | Found a blossoming altar of Fedhas.
  3811 | D:5      | Noticed Eustachio
  3831 | D:5      | Killed Eustachio
  3831 | D:5      | Reached XP level 7. HP: 49/55 MP: 7/7
  3847 | D:5      | Reached skill level 5 in Fighting
  3877 | D:5      | Reached skill level 5 in Axes
  3877 | D:5      | Reached skill level 5 in Armour
  3905 | D:5      | Reached XP level 8. HP: 20/62 MP: 8/8
  3918 | D:5      | Reached skill level 6 in Shields
  4015 | D:5      | HP: 3/63 [ogre/giant club (17)]
  4051 | D:5      | Mangled by an ogre

Skill      XL: |  1  2  3  4  5  6  7  8 |
---------------+-------------------------+-----
Shields        | 4 5 6 |  6.5
Fighting       | 4 5 |  5.4
Axes           | 3 4 5 |  5.6
Armour         | 4 5 |  5.3
Dodging        | |  0.1

Action                   |  1- 3 |  4- 6 |  7- 9 || total
-------------------------+-------+-------+-------++-------
Melee: War axe           |   109 |   373 |    93 ||   575
  Use: Scroll            |       |    10 |     1 ||    11
       Potion            |       |     2 |     8 ||    10
  Eat: Chunk             |     2 |     8 |     2 ||    12
Armor: Scale mail        |    15 |       |       ||    15
       Plate armour      |    42 |   139 |    45 ||   226
Dodge: Dodged            |    27 |    51 |    16 ||    94
Block: Shield            |    56 |   148 |    42 ||   246
